 Dungeon Crawl Stone Soup version 0.28-a0-691-gad6df49e81 (webtiles) character file.

Game seed: 11684201747623488444

113 pop123321pop the Ducker (level 4, -1/22 HPs)
             Began as a Felid Berserker on Oct 22, 2021.
             Was a Believer of Trog.
             Slain by an endoplasm (2 damage)
             ... on level 3 of the Dungeon.
             The game lasted 00:02:49 (3373 turns).

pop123321pop the Ducker (Felid Berserker)           Turns: 3373, Time: 00:02:49

Health: -1/22      AC:  1    Str: 14    XL:     4   Next: 65%
Magic:  5/5        EV: 19    Int:  8    God:    Trog [**....]
Gold:   115        SH:  0    Dex: 15    Spells: 3/3 levels left
                                        Lives:  0   Deaths: 1

rFire   . . .      SeeInvis +     - Unarmed
rCold   . . .      Faith    .   (shield unavailable)
rNeg    . . .      Spirit   .   (armour unavailable)
rPois   .          Reflect  .   (helmet unavailable)
rElec   .          Harm     .   (cloak unavailable)
rCorr   .          Rampage  .   (gloves unavailable)
Will    ++...                   (boots unavailable)
Stlth   +.........              (no amulet)
HPRegen 1.07/turn               (no ring)
MPRegen 0.09/turn               (no ring)

@: lethally poisoned (-1 -> -2), strong-willed, regenerating, quick
A: very small, claws 1, fangs 3, see invisible, speed 1, shaggy fur 1, stealthy
paws, no weapons or thrown items, no armour, multi-lived
a: Renounce Religion, Berserk, Trog's Hand


You were on level 3 of the Dungeon.
You worshipped Trog.
Trog was pleased with you.
You visited 1 branch of the dungeon, and saw 3 of its levels.

You collected 115 gold pieces.

Inventory:

Wands
 h - a wand of polymorph (8)
Scrolls
 c - 3 scrolls of identify {unknown}
 d - a scroll of magic mapping {unknown}
 f - a scroll of enchant armour {unknown}
 g - a scroll of vulnerability {unknown}
Potions
 a - 3 potions of curing {unknown}
 b - a potion of heal wounds {unknown}
 e - a potion of might {unknown}


   Skills:
 * Level 4.2 Fighting
 * Level 5.5 Dodging
 * Level 4.1 Unarmed Combat


You had 3 spell levels left.
You didn't know any spells.
Your spell library was empty.

Dungeon Overview and Level Annotations

Branches:
Dungeon (3/15)

Altars:
Hepliaklqana

Shops:
D:2 *


Innate Abilities, Weirdness & Mutations

You have sharp claws.
You have razor-sharp teeth.
You have supernaturally acute eyesight. (SInv)
You cover ground quickly. (Speed+)
You are covered in fur. (AC +1)
Your paws help you pounce on unaware monsters.
You are incapable of wielding weapons or throwing items.
You cannot wear armour.
You gain extra lives every three experience levels.


Message History

There are monsters nearby!
You are too injured to fight recklessly!
Unknown command.
There are monsters nearby!
You are too injured to fight recklessly!
Unknown command.
There are monsters nearby!
You are too injured to fight recklessly!
There are monsters nearby!
Unknown command.
There are monsters nearby!
You are too injured to fight recklessly!
Unknown command.
Unknown command.
You are too injured to fight recklessly!
There are monsters nearby!
Unknown command.
There are monsters nearby!
You are too injured to fight recklessly!
Unknown command.
There are monsters nearby!
You are too injured to fight recklessly!
There are monsters nearby!
You are too injured to fight recklessly!
Unknown command.
Unknown command.
There are monsters nearby!
You are too injured to fight recklessly!
You closely miss the adder. You claw the adder.
You kill the adder!
Trog accepts your kill.
You feel sick. The endoplasm freezes you.
You are frozen.
* * * LOW HITPOINT WARNING * * *
Your skin crawls.
You feel strong-willed.
* * * LOW HITPOINT WARNING * * *
You feel sick. The endoplasm hits you.
You die...

### ..# # #.##.
#... #..# #..#
#..# ###J.#
#.@..#
#..[..†........
######.##.#####
#. .# .. .# #.#
.# #. .# #.


You could see an endoplasm.

Vanquished Creatures
  Crazy Yiuf (D:2)
  5 gnolls
  3 adders
  A worm (D:2)
  A ball python (D:2)
  6 endoplasms
  2 giant cockroaches
  5 hobgoblins
  6 jackals
  6 kobolds
  A quokka (D:1)
  2 bats (D:1)
  4 goblins
  9 rats
  A spectral kobold (D:1)
53 creatures vanquished.

Vanquished Creatures (others)
  A fungus (D:2)
1 creature vanquished.

Grand Total: 54 creatures vanquished

Notes
Turn   | Place    | Note
-------+----------+-------------------------------------------
     0 | D:1      | pop123321pop the Felid Berserker began the quest for the
                  | Orb.
     0 | D:1      | Reached XP level 1. HP: 10/10 MP: 2/2
   555 | D:1      | Reached XP level 2. HP: 13/13 MP: 3/3
   759 | D:1      | Reached XP level 3. HP: 4/17 MP: 4/4
  1361 | D:1      | Found a faded altar of an unknown god.
  1727 | D:2      | Found a hazy altar of Hepliaklqana.
  2108 | D:2      | Reached ** piety under Trog
  2453 | D:2      | Reached skill level 5 in Dodging
  2453 | D:2      | Reached XP level 4. HP: 7/22 MP: 5/5
  2457 | D:2      | Slain by a gnoll
  2458 | D:2      | Reached XP level 3. HP: -4/27 MP: 4/4
  2751 | D:2      | Found Howimisol's General Store.
  3002 | D:2      | Reached XP level 4. HP: 18/22 MP: 5/5
  3266 | D:2      | Found a runed translucent door.
  3269 | D:2      | Noticed Crazy Yiuf
  3279 | D:2      | Killed Crazy Yiuf
  3372 | D:3      | HP: 1/22 [frozen (5)]
  3373 | D:3      | Slain by an endoplasm

Illustrated notes

Levels and vault maps discovered:
D:1:      kennysheep_arrival_forest, layout_basic,
          dreamdust_ecumenical_altar_drowned_temple, minmay_misc_feat_nine_boxes
D:2:      layout_loops_ring, basic_altar, serial_shops, shop,
          uniq_crazy_yiuf_cottage
D:3:      layout_rooms, uniq_natasha

Skill      XL: |  1  2  3  4 |
---------------+-------------+-----
Dodging        | 5 |  5.5
Fighting       | 4 |  4.2
Unarmed Combat | 4 |  4.1

Action                   |  1- 3 |  4- 6 || total
-------------------------+-------+-------++-------
Melee: Unarmed           |   136 |    27 ||   163
       Bite              |     7 |     2 ||     9
       Punch             |     3 |     1 ||     4
Invok: Berserk           |     5 |     1 ||     6
       Trog's Hand       |       |     1 ||     1
 Stab: Sleeping          |     2 |       ||     2
Armor: Skin              |     6 |       ||     6
Dodge: Dodged            |   116 |    15 ||   131

Table legend: (Time is in decaauts)
 A = Elapsed time spent in this place.
 B = Non-inter-level travel time spent in this place.
 C = Inter-level travel time spent in this place.
 D = Time resting spent in this place.
 E = Time spent auto-exploring this place.
 F = Levels seen in this place.
 G = Mean time per level.
                   A        B        C        D        E       F      G
               +--------+--------+--------+--------+--------+-----+--------+
         Total |   3174 |   3120 |     54 |   1453 |   1330 |   3 | 1058.0 |
       Dungeon |   3174 |   3120 |     54 |   1453 |   1330 |   3 | 1058.0 |
               +--------+--------+--------+--------+--------+-----+--------+

Top non-repeatable levels by time:
     D:1: 1637 daAuts
     D:2: 1525 daAuts
     D:3: 11 daAuts
